 Dungeon Crawl Stone Soup version 0.16-a0-3920-g0a6a257 (webtiles) character file.

1624 Gorice the Covered (level 8, -1/59 HPs)
             Began as a Demigod Wanderer on Feb 4, 2015.
             Slain by a killer bee (7 damage)
             ... on level 7 of the Dungeon.
             The game lasted 00:47:43 (5651 turns).

Gorice the Covered (Demigod Wanderer)               Turns: 5651, Time: 00:47:43

Health: -1/59      AC: 10    Str: 20    XL:     8   Next: 38%
Magic:  20/22      EV: 16    Int: 15    God:
Gold:   318        SH:  0    Dex: 18    Spells: 1 memorised, 5 levels left

rFire  . . .     SeeInvis +     b - +0 dagger (venom)
rCold  . . .     Clarity  .     M - +2 leather armour of Gylit {MP+9 Str+3 Stlth+}
rNeg   . . .     SustAb   +     (no shield)
rPois  .         Gourm    .     v - +1 helmet
rElec  .         Spirit   .     (no cloak)
rCorr  .         Warding  .     (no gloves)
rMut   .         Stasis   .     (no boots)
MR     .....                    (no amulet)
Stlth  +++.......               (no ring)
                                i - ring of see invisible

@: lethally poisoned (-1 -> -3), not resistant to hostile enchantments, fairly
stealthy
A: slimy green scales 1, sustain abilities
a: no special abilities


You were on level 7 of the Dungeon.
You were hungry.

You visited 2 branches of the dungeon, and saw 8 of its levels.

You collected 318 gold pieces.

Inventory:

Hand weapons
 a - a +0 shortbow of velocity
   (You took it off a centaur on level 6 of the Dungeon)
 b - a +0 dagger of venom (weapon)
   (You found it on level 5 of the Dungeon)
 A - a +3 shortbow
 B - a +0 blowgun
Missiles
 G - 25 poisoned needles
 Z - 69 stones (quivered)
Armour
 e - a cursed +0 leather armour
 u - a +0 chain mail
 v - a +1 helmet (worn)
 y - a +0 ring mail
 z - a +0 scale mail
 M - the +2 leather armour of Gylit (worn) {MP+9 Str+3 Stlth+}
   (You found it on level 6 of the Dungeon)

   It affects your strength (+3).
   It affects your magic capacity (+9).
   It makes you more stealthy.
Jewellery
 i - a ring of see invisible (left hand)
Magical devices
 c - a wand of polymorph (6)
 x - a wand of slowing (6)
 C - a wand of paralysis (5)
 E - a wand of confusion (28)
 J - a wand of cold (5)
 K - a wand of digging (15)
Scrolls
 d - 10 scrolls of teleportation {!r}
 h - 2 scrolls of amnesia
 o - 5 scrolls of remove curse
 w - 2 scrolls of recharging
 F - a scroll of enchant weapon
 L - a scroll of acquirement {unknown}
Potions
 g - a potion of brilliance {!q}
 j - a potion of cancellation {unknown}
 m - 2 potions of resistance {!q}
 n - 2 potions of ambrosia {!q}
 p - 2 potions of curing
 r - a potion of restore abilities {unknown}
 s - a potion of heal wounds {!q}
 t - a potion of cure mutation {unknown}
 D - 2 potions of might {!q}
 H - a potion of flight {unknown}
 I - a potion of magic {unknown}
Books
 k - a book of Death
Comestibles
 f - 4 bread rations {!e}
 l - 4 meat rations {!e}
 q - a beef jerky


   Skills:
 - Level 1.0 Fighting
 + Level 0.1 Short Blades
 - Level 5.7 Bows
 + Level 5.9 Armour
 + Level 5.9 Dodging
 - Level 1.7 Stealth
   Level 1.0 Shields
 - Level 1.0 Unarmed Combat
 + Level 1.2 Necromancy


You had 5 spell levels left.
You knew the following spells:

 Your Spells              Type           Power        Failure   Level  Hunger
a - Corpse Rot            Necr           N/A          30%         2    ###....


Dungeon Overview and Level Annotations

Branches:
Dungeon (7/15)             Temple (1/1) D:5

Annotations:
D:6 pUX: menk and ghost!, Menkaure; timbw's ghost, average HuFi


Innate Abilities, Weirdness & Mutations

Your attributes are resistant to harm.
You are partially covered in slimy green scales (AC +2).


Message History

You take 1 damage.
You miss the killer bee.
You feel sick. The killer bee misses you.
The killer bee stings you but does no damage.
You take 1 damage.
You hit the killer bee but do no damage.
You feel sick. The killer bee stings you.
* * * LOW HITPOINT WARNING * * *
You are lethally poisoned!
The killer bee poisons you! The killer bee stings you.
* * * LOW HITPOINT WARNING * * *
Your magical contamination has completely faded away.
A centaur comes into view.
You take 4 damage.
* * * LOW HITPOINT WARNING * * *
You feel sick. The killer bee barely misses you.
You take 1 damage.
* * * LOW HITPOINT WARNING * * *
You feel sick. The killer bee closely misses you.
You take 1 damage.
* * * LOW HITPOINT WARNING * * *
You feel sick.
The centaur wields a shortbow.
The centaur shoots an arrow.
The arrow closely misses you. The killer bee closely misses you.
You take 2 damage.
* * * LOW HITPOINT WARNING * * *
You feel sick.
You take 1 damage.
* * * LOW HITPOINT WARNING * * *
You feel sick. The killer bee stings you.
* * * LOW HITPOINT WARNING * * *
You take 8 damage.
Unknown command.
Drink which item? (? for menu, Esc to quit)
You feel better. The killer bee barely misses you.
The killer bee barely misses you. The killer bee closely misses you.
The killer bee stings you.
* * * LOW HITPOINT WARNING * * *
You are poisoned.
The killer bee poisons you!
Things that are here:
a killer bee corpse x2
You take 4 damage.
You feel sick. The killer bee barely misses you.
You take 1 damage.
Casting: Corpse Rot
Confirm with . or Enter, or press ? or * to list all spells.
You smell decay.
You feel sick.
The killer bee is engulfed in dark miasma.
The killer bee is poisoned.
The killer bee stings you!
You die...

#.## . ###.....
..###......# ######
...........## #%%#..#
............### #%.#Y.
#.........##.## #.p'Y
#.#......#...## #..#
#..c#...###.y####..
#.......##..#@..#+####
......#.#..#...##.......##
.......##...(.####.......##
..........[..## #######<.#
.......#..#....# ##..#
.......#...#...# #....
..............## #..##
......#..#...# ###
........#..


You could see a killer bee.

Vanquished Creatures
  A sky beast (D:5)
  A phantom (D:4)
  2 ogres
  A centaur (D:6)
  4 killer bees (D:7)
  A quasit (D:5)
  7 crimson imps (D:5)
  A centaur zombie (D:7)
  A goliath beetle (D:6)
  A jelly (D:5)
  A giant frog zombie (D:5)
  An iguana (D:4)
  An orc priest (D:4)
  3 hounds
  3 worker ants
  A giant frog skeleton (D:4)
  An orc wizard (D:2)
  Ijyb (D:5)
  2 hound skeletons
  A worker ant zombie (D:5)
  9 gnolls
  5 adders
  2 shadow imps
  A white imp (D:5)
  An adder zombie (D:6)
  7 giant geckos
  2 oozes
  6 orcs
  A ball python (D:1)
  9 bats
  A bat skeleton (D:4)
  19 goblins
  9 hobgoblins
  4 jackals
  3 giant cockroaches
  A giant gecko zombie (D:5)
  3 giant newts
  12 kobolds
  2 quokkas
  A quokka zombie (D:5)
  3 rats
136 creatures vanquished.

Notes
Turn   | Place    | Note
--------------------------------------------------------------
     0 | D:1      | Gorice, the Demigod Wanderer, began the quest for the Orb.
     0 | D:1      | Gorice set off with: a +2 shortbow, 2 scrolls of teleportation {!r}, a +0 robe, a +0 dagger, 27 arrows, a bread ration {!e}
     0 | D:1      | Reached XP level 1. HP: 16/16 MP: 2/2
   107 | D:1      | Reached skill level 2 in Armour
   120 | D:1      | Reached skill level 2 in Dodging
   196 | D:1      | Reached XP level 2. HP: 23/23 MP: 3/3
   697 | D:1      | Reached XP level 3. HP: 25/28 MP: 5/5
  1009 | D:1      | Reached skill level 2 in Bows
  1027 | D:1      | Gained mutation: You are partially covered in slimy green scales (AC +2). [potion of beneficial mutation]
  1085 | D:2      | Found a shadowy altar of Dithmenos.
  1505 | D:2      | Found a shattered altar of Ashenzari.
  1559 | D:2      | Found a sacrificial altar of Ru.
  1569 | D:2      | Reached XP level 4. HP: 31/35 MP: 7/7
  1847 | D:2      | Reached skill level 3 in Armour
  1856 | D:3      | Reached skill level 3 in Dodging
  2140 | D:2      | Found a stormy altar of Qazlal.
  2429 | D:3      | Reached XP level 5. HP: 33/40 MP: 8/8
  2816 | D:4      | Noticed an ogre
  2826 | D:4      | Killed an ogre
  2826 | D:4      | Reached skill level 3 in Bows
  2994 | D:4      | Reached XP level 6. HP: 45/47 MP: 10/10
  3138 | D:4      | Noticed a phantom
  3165 | D:4      | Killed a phantom
  3165 | D:4      | Reached skill level 4 in Armour
  3165 | D:4      | Reached skill level 4 in Dodging
  3712 | D:5      | Entered Level 5 of the Dungeon
  3818 | D:5      | Reached skill level 4 in Bows
  3841 | D:5      | Reached XP level 7. HP: 45/52 MP: 12/12
  4225 | D:5      | Noticed Ijyb
  4241 | D:5      | Killed Ijyb
  4325 | D:5      | Reached skill level 5 in Dodging
  4424 | D:5      | Reached skill level 5 in Armour
  4506 | D:5      | Reached skill level 5 in Bows
  4646 | D:5      | Found a staircase to the Ecumenical Temple.
  4678 | Temple   | Entered the Ecumenical Temple
  4755 | D:5      | Found a shimmering altar of Xom.
  4819 | D:5      | Reached XP level 8. HP: 56/59 MP: 13/13
  5222 | D:6      | Found a basalt altar of Yredelemnul.
  5222 | D:6      | Found a sparkling altar of Nemelex Xobeh.
  5314 | D:6      | Got a bloodstained leather armour
  5327 | D:6      | Identified the +2 leather armour of Gylit {MP+9 Str+3 Stlth+} (You found it on level 6 of the Dungeon)
  5330 | D:6      | Learned a level 2 spell: Corpse Rot
  5336 | D:6      | Noticed timbw's ghost (average HuFi)
  5387 | D:6      | HP: 11/59 [timbw's ghost (8)]
  5394 | D:6      | HP: 15/59 [timbw's ghost (5)]
  5423 | D:6      | HP: 14/59 [timbw's ghost (6)]
  5434 | D:6      | Noticed Menkaure
  5435 | D:6      | HP: 6/59 [??? (3)]
  5570 | D:7      | Reached skill level 1 in Necromancy
  5641 | D:7      | HP: 17/59 [killer bee (1)]
  5646 | D:7      | HP: 8/59 [poisoned by a killer bee]
  5646 | D:7      | HP: 2/59 [killer bee (6)]
  5651 | D:7      | HP: 6/59 [poisoned by a killer bee]
  5651 | D:7      | Slain by a killer bee

Action                   |  1- 3 |  4- 6 |  7- 9 || total
-------------------------+-------+-------+-------++-------
Melee: Dagger            |       |    16 |   167 ||   183
       Unarmed           |       |       |     2 ||     2
 Fire: Shortbow          |   111 |   217 |   124 ||   452
       Blowgun           |       |       |     4 ||     4
Throw: Stone             |       |       |    15 ||    15
       Throwing net      |       |       |     1 ||     1
 Cast: Corpse Rot        |       |       |     1 ||     1
Evoke: Wand              |       |       |     2 ||     2
  Use: Scroll            |     3 |     9 |     4 ||    16
       Potion            |     1 |       |     3 ||     4
  Eat: Chunk             |     2 |     7 |     5 ||    14

Table legend:
 A = Turns spent in this place as a percentage of turns spent in the entire game.
 B = Non-inter-level travel turns spent in this place as a percentage of non-inter-level travel turns spent in the entire game.
 C = Inter-level travel turns spent in this place as a percentage of turns spent in this place.
 D = Turns resting spent in this place as a percentage of non-inter-level travel turns spent in this place.
 E = Turns spent auto-exploring this place as a percentage of non-inter-level travel turns spent in this place.
 F = Non-inter-level travel turns spent in this place divided by the number of levels of this place that you've seen.
                   A       B       C       D       E      F
               +-------+-------+-------+-------+-------+----------------------
         Total | 100.0 | 100.0 |   0.3 |   0.7 |   4.6 | 336.6
       Dungeon | 100.0 | 100.0 |   0.3 |   0.7 |   4.6 | 384.6
        Temple |   0.0 |   0.0 |   0.0 |   0.0 |   0.0 |   1.0
               +-------+-------+-------+-------+-------+----------------------

Vault maps used:
D:1:      dpeg_arrival_refuge, serial_forest, infiniplex_forest_straight_4,
          infiniplex_forest_clump_long, infiniplex_forest_lined_room_2,
          infiniplex_forest_straight_4, infiniplex_forest_lined_4_way,
          infiniplex_forest_lined_corner, infiniplex_forest_corner_1,
          infiniplex_forest_end_double, infiniplex_forest_lined_room_
D:2:      serial_park_square1, ashenzari_conservatory_becter,
          nicolae_dithmenos_through_a_glass_darkly,
          nicolae_overflow_hidden_temple, serial_forest,
          infiniplex_forest_clump_curved, infiniplex_forest_lined_corner,
          infiniplex_forest_clump_diagonal, infiniplex_forest_straight_2,
          infiniplex_forest_corner_1, infiniplex_forest_straight_1,
          infiniplex_forest_lined_room_3, infiniplex_forest_zigzag_1,
          infiniplex_forest_clump_cross, minmay_misc_feat_columns,
          nicolae_ru_great_annihilating_truth
D:3:      cheibrodos_gnoll_hut
D:4:      first_bread
D:5:      led_xom_imps, temple_green, minmay_liquid_box, minmay_strange_pillars,
          minmay_fire_ice_demons, uniq_iyjb
D:6:      gammafunk_temple_overflow_wave, minmay_misc_feat_diagonals,
          uniq_menkaure
D:7:      grunt_livestock, uniq_duvessa
Temple:   minmay_temple_forest_path_12
